 Dungeon Crawl Stone Soup version 0.23-a0-169-gb21e695 (webtiles) character file.

18 KristoblXynda the Vexing (level 2, 7/14 HPs)
             Began as a Spriggan Arcane Marksman on Sept 11, 2018.
             Got out of the dungeon alive.
             The game lasted 00:02:35 (1168 turns).

KristoblXynda the Vexing (Spriggan Arcane Marksman) Turns: 1168, Time: 00:02:35

Health: 7/14       AC:  2    Str:  6    XL:     2   Next: 48%
Magic:  5/5        EV: 18    Int: 14    God:
Gold:   0          SH:  0    Dex: 16    Spells: 2/3 levels left

rFire    . . .     SeeInvis +   g - -2 dagger (curse)
rCold    . . .     Gourm    .   (shield restricted)
rNeg     . . .     Faith    .   e - +0 robe
rPois    .         Spirit   .   (helmet restricted)
rElec    .         Reflect  .   (no cloak)
rCorr    .         Harm     .   (gloves unavailable)
MR       .....                  (boots unavailable)
Stlth    ++........             (no amulet)
HPRegen  0.04/turn              (no ring)
MPRegen  0.09/turn              (no ring)

@: very quick
A: very small, unfitting armour, see invisible, herbivore, speed 3, slow
metabolism 2
a: no special abilities


You escaped.
You were not hungry.

You visited 1 branch of the dungeon, and saw 1 of its levels.

Inventory:

Hand Weapons
 a - a +0 hunting sling
 g - a cursed -2 dagger (weapon)
Missiles
 c - 30 stones (quivered)
 d - 17 sling bullets
Armour
 e - a +0 robe (worn)
Scrolls
 h - a scroll of teleportation
Comestibles
 f - 2 rations


   Skills:
 - Level 0.7 Fighting
 + Level 3.0 Slings
 - Level 3.0 Dodging
 + Level 2.0 Stealth
 - Level 1.3 Spellcasting
 + Level 4.0 Hexes


You had 2 spell levels left.
You knew the following spells:

 Your Spells              Type           Power        Failure   Level  Hunger
a - Corona                Hex            ##.....      4%          1    ##.....

Your spell library contained the following spells:

 Spells                   Type           Power        Failure   Level  Hunger
 Slow                     Hex            ##......     8%          2    ###....
 Inner Flame              Hex/Fire       #.......     32%         3    ####...
 Portal Projectile        Hex/Tloc       #.....       32%         3    ####...
 Cause Fear               Hex            ##........   43%         4    #####..
 Leda's Liquefaction      Hex/Erth       #.........   73%         4    #####..


Dungeon Overview and Level Annotations

Branches:
Dungeon (1/15)

Altars:


Innate Abilities, Weirdness & Mutations

You are very small and have problems with some larger weapons.
You are too small for most types of armour.
You have supernaturally acute eyesight. (SInv)
You are a herbivore.
You cover ground extremely quickly.
You need to consume almost no food.


Message History

You completely miss the frilled lizard.
The frilled lizard is heavily wounded.
The frilled lizard misses you.
There is an open door here.
You can't unwield your weapon to draw a new one!
Unknown command.
There is an open door here.
You close the door.
You start resting.
The frilled lizard is too close now for your liking.
A frilled lizard is nearby!
Key pressed, stopping travel.
You can't go up here!
There is a stone staircase leading down here.
You see here a +0 dagger.
Found 11 gold pieces.
There is an open gate here.
There is a staircase leading out of the dungeon here.
Are you sure you want to leave the Dungeon?
This will make you lose the game!
You have escaped!

*≈≈≈###################
**≈≈≈≈≈≈≈≈≈≈≈≈≈≈≈≈≈≈≈≈≈
****≈≈≈≈≈≈≈≈≈≈≈≈≈≈≈≈≈≈
*≈≈≈≈≈≈≈≈≈≈≈≈≈≈≈≈≈≈
*♣♣♣..≈≈..≈≈≈≈≈≈≈≈≈
♣...........≈≈≈≈≈≈
♣............≈≈≈≈≈
♣P............≈≈≈≈
♣@♣.....♣.P....≈≈≈
♣♣♣♣.)........≈≈≈≈
♣.P.P♣......≈≈≈
#######################♣.....≈≈≈
#.....................#P....≈≈≈≈
#.###################.#.......≈≈
#)#....#,,,,,,,* #.#P.....≈≈≈
#.#.##.#,,,**#.* #.#♣....≈≈≈≈
#.#..#.#,,,* #.* #.#♣....≈≈≈≈


There were no monsters in sight!

Vanquished Creatures
  An ooze (D:1)
  A dart slug (D:1)
  A leopard gecko (D:1)
  A bat (D:1)
  A giant cockroach (D:1)
  A goblin (D:1)
  A hobgoblin (D:1)
  A frilled lizard (D:1)
  2 rats (D:1)
  A plant (D:1)
11 creatures vanquished.

Notes
Turn   | Place    | Note
-------+----------+-------------------------------------------
     0 | D:1      | KristoblXynda the Spriggan Arcane Marksman began the quest
                  | for the Orb.
     0 | D:1      | Reached XP level 1. HP: 9/9 MP: 3/3
    66 | D:1      | Reached skill level 1 in Stealth
   488 | D:1      | Reached XP level 2. HP: 10/14 MP: 5/5
   818 | D:1      | Reached skill level 4 in Hexes
  1168 | D:$      | Got out of the dungeon alive.

Vault maps used:
D:1:      kennysheep_arrival_seaside, roderic_serpentine_path

Skill      XL: |  1  2 |
---------------+-------+-----
Stealth        | 1 2 |  2.0
Hexes          | 4 |  4.0
Slings         | 3 |  3.0
Fighting       | |  0.7
Dodging        | |  3.0
Spellcasting   | |  1.3

Action                   || total
-------------------------++-------
Melee: Dagger            ||   426
 Fire: Hunting sling     ||    12
  Use: Scroll            ||     3
 Stab: Sleeping          ||     1
Armor: Robe              ||    17
Dodge: Dodged            ||   129

Table legend:
 A = Non-vault XP
 B = Vault XP
 C = Vault XP percentage of total XP
 D = Non-vault monster count
 E = Vault monster count
 F = Vault count percentage of total count
                 A         B        C        D         E       F
            +---------+---------+-------+---------+---------+-------
      Total |      26 |       0 |   0.0 |      10 |       0 |   0.0
            +---------+---------+-------+---------+---------+-------
        D:1 |      26 |       0 |   0.0 |      10 |       0 |   0.0
            +---------+---------+-------+---------+---------+-------
